[Event "MČR družstev mladších žáků 2024"]
[Site "Harrachov, Czech Republic"]
[Date "2024.06.14"]
[Round "2.10"]
[White "Gernert Tomas"]
[Black "Malek Daniel"]
[Result "1-0"]
[TimeControl "25+10"]
[WhiteFideId "23750219"]
[BlackFideId "23742720"]
[WhiteElo "1409"]
[BlackElo "1246"]

1. e4 e5 2. Nf3 Nc6 3. d4 exd4 4. Bc4 Bc5 5. c3 d6 6. cxd4 Bb6 7. O-O Qf6 8. e5 dxe5 9. dxe5 Qg6 10.
Ng5 Be6 11. Bd3 Bf5 12. Bxf5 Qxf5 13. e6 f6 14. Qd7+ 1-0



[ePGN "0.1;DGT LiveChess/2.2.6"]

[Event "MČR družstev mladších žáků 2024"]
[Site "Harrachov, Czech Republic"]
[Date "2024.06.14"]
[Round "2.11"]
[White "Junova Alexandra"]
[Black "Kusova Nikola"]
[Result "0-1"]
[TimeControl "25+10"]
[WhiteFideId "23754990"]
[BlackFideId "23733705"]
[WhiteElo "1105"]
[BlackElo "1353"]

1. e4 c5 2. Nf3 Nc6 3. Bb5 e6 4. O-O Nge7 5. Nc3 a6 6. Bxc6 Nxc6 7. d3 d5 8. exd5 exd5 9. Re1+ Be7 10.
Bg5 Be6 11. h3 Bxg5 12. Nxg5 Qxg5 13. Ne2 O-O 14. Ng3 Rae8 15. c3 d4 16. c4 Qg6 17. a3 f5 18. Nh5 f4 19. Re4 Bxh3 20.
g3 Rxe4 21. dxe4 Bg4 22. f3 Bxh5 23. g4 Ne5 24. Kf1 Bxg4 25. fxg4 Nxg4 26. Qd3 Ne3+ 27. Ke1 Qg1+ 28. Kd2 Qxa1 29.
b3 Qd1# 0-1



[ePGN "0.1;DGT LiveChess/2.2.6"]

[Event "MČR družstev mladších žáků 2024"]
[Site "Harrachov, Czech Republic"]
[Date "2024.06.14"]
[Round "2.12"]
[White "Soukup Erik"]
[Black "Tehan Albert"]
[Result "1-0"]
[TimeControl "25+10"]
[WhiteFideId "23741910"]
[BlackFideId "23762616"]
[WhiteElo "1149"]
[BlackElo "1037"]

1. d4 d5 2. Nf3 Nc6 3. Bf4 Bg4 4. e3 Qd7 5. Bb5 O-O-O 6. Nc3 Nf6 7. h3 Bh5 8. Qe2 Kb8 9. O-O-O Ne4 10.
Rd3 e6 11. g4 Bg6 12. Ne5 Qc8 13. Nxg6 fxg6 14. Bxc6 bxc6 15. Nxe4 dxe4 16. Rb3+ Ka8 17. f3 exf3 18. Qxf3 Qd7 19. Rd1 Qd5 20. Qg3 Bd6 21. Bxd6 Qxd6 22. Qxd6 cxd6 23. Rdd3 Rb8 24. Kd2 Rxb3 25. Rxb3 d5 26. Kd3 Rb8 27.
e4 Rxb3+ 28. axb3 dxe4+ 29. Kxe4 Kb7 30. Ke5 Kc7 31. Kxe6 h5 32. gxh5 gxh5 33. Kf5 Kd6 34.
c4 a5 35. Kg6 h4 36. Kxg7 Ke6 37. Kg6 Kd6 38. Kg5 c5 39.
d5 Ke5 40. Kxh4 Kd4 41. Kg5 Ke5 42.
h4 Ke4 43. h5 Kd3 44. h6 Kc2 45. h7 Kxb2 46.
h8=Q+ Kxb3 47. Qa1 a4 48. Kf4 Kxc4 49. d6 Kb4 50. d7 a3 51. d8=R Kb3 1-0



[ePGN "0.1;DGT LiveChess/2.2.6"]

[Event "MČR družstev mladších žáků 2024"]
[Site "Harrachov, Czech Republic"]
[Date "2024.06.14"]
[Round "2.13"]
[White "Policar Martin"]
[Black "Frantsev Iegor"]
[Result "1-0"]
[TimeControl "25+10"]
[WhiteFideId "23734868"]
[BlackFideId "23736305"]
[WhiteElo "1646"]
[BlackElo "1413"]

1. d4 d5 2. c4 c6 3. g3 Nf6 4. Bg2 e6 5. Nf3 Bd6 6. O-O O-O 7. Nc3 Nbd7 8. Nd2 Qe7 9. e4 dxe4 10.
Ndxe4 Nxe4 11. Nxe4 Rd8 12. Re1 Bb4 13. Bd2 Bxd2 14. Qxd2 Nb6 15. c5 Nd5 16. Nd6 b6 17. Bxd5 cxd5 18.
b4 bxc5 19. dxc5 Rb8 20. a3 Rxd6 21. cxd6 Qxd6 22. Qd4 Rb6 23. Rac1 Ba6 24. Qc5 Bc4 25. Red1 Qc6 26. Rxc4 Qxc5 27.
Rxc5 Kf8 28. Rc8+ Ke7 29. Rc7+ 1-0



[ePGN "0.1;DGT LiveChess/2.2.6"]

[Event "MČR družstev mladších žáků 2024"]
[Site "Harrachov, Czech Republic"]
[Date "2024.06.14"]
[Round "2.14"]
[White "Mauric Jan"]
[Black "Sudrich Radek"]
[Result "1-0"]
[TimeControl "25+10"]
[WhiteFideId "23744200"]
[BlackFideId "23734361"]
[WhiteElo "1306"]
[BlackElo "1470"]

1. d4 d5 2. Bf4 c5 3. Nf3 Nc6 4. e3 Nf6 5. Bb5 Bd7 6. Nbd2 e6 7. O-O a6 8. Bxc6 Bxc6 9. c3 Bd6 10.
Bxd6 Qxd6 11. Ne5 Nd7 12. Ndf3 f6 13. Nxc6 bxc6 14. b3 O-O 15. Qc2 e5 16. Rad1 e4 17. dxc5 Nxc5 18. Nd4 Ne6 19.
Nf5 Qc7 20. c4 Rad8 21. cxd5 cxd5 22. Qxc7 Nxc7 23. Rc1 Rd7 24. Nd4 Nb5 25. Nxb5 axb5 26. Rc5 Ra8 27. Rxb5 Rxa2 28. Rd1 Ra8 29.
g3 Rad8 30. Rd4 Kf7 31. Ra5 Rb8 32. b4 Rdb7 33. Raxd5 Rxb4 34. Rd7+ Kg6 35. Rxb4 Rxb4 36. Rd4 Rxd4 37. exd4 Kf5 38. Kf1 Ke6 39. Ke2 Kd5 40. Ke3 g5 41. g4 h6 42. h3 f5 43. gxf5 h5 44. f6 Ke6 45. Kxe4 Kxf6 46. d5 h4 47. f3 Kg6 48.
Ke5 Kh6 49. d6 g4 50. fxg4 Kg5 51. d7 Kh6 52. d8=Q Kg6 53. Qf6+ Kh7 54. Qg5 Kh8 55. Kf6 Kh7 56. Qg7+ 1-0



[ePGN "0.1;DGT LiveChess/2.2.6"]

[Event "MČR družstev mladších žáků 2024"]
[Site "Harrachov, Czech Republic"]
[Date "2024.06.14"]
[Round "2.15"]
[White "Moravec Rene"]
[Black "Hujova Tess"]
[Result "1/2-1/2"]
[TimeControl "25+10"]
[WhiteFideId "23745274"]
[BlackFideId "23744936"]
[WhiteElo "1295"]
[BlackElo "1311"]

1. e4 e6 2. d4 b6 3. Nc3 Bb7 4. Nf3 Bb4 5. e5 d6 6. exd6 Qxd6 7. Bd2 Nf6 8. Nb5 Bxd2+ 9. Qxd2 Qd7 10.
Ne5 Qe7 11. O-O-O O-O 12. h4 a6 13. Nc3 Nbd7 14. f3 Rad8 15. Qg5 h6 16. Qe3 b5 17. g4 Nxe5 18. dxe5 Rxd1+ 19. Kxd1 Rd8+ 20. Bd3 c5 21. exf6 Qxf6 22.
Kc1 Qxf3 23. Qxf3 Bxf3 24. Rg1 c4 25. Be4 Bxe4 26. Nxe4 Rd4 27. Re1 f5 28. gxf5 exf5 29. Ng3 Rxh4 30.
Nxf5 Rf4 31. Ne7+ Kf7 32. Nd5 Rd4 33. Nc7 Rd6 1/2-1/2



[ePGN "0.1;DGT LiveChess/2.2.6"]

[Event "MČR družstev mladších žáků 2024"]
[Site "Harrachov, Czech Republic"]
[Date "2024.06.14"]
[Round "2.16"]
[White "Jenikova Sabina"]
[Black "Sevcikova Terezie"]
[Result "0-1"]
[TimeControl "25+10"]
[WhiteFideId "23759860"]
[BlackFideId "23766425"]
[WhiteElo "1114"]
[BlackElo "1447"]

1. b4 e5 2. Bb2 Bxb4 3. Bxe5 Nf6 4. a3 Bc5 5. e3 Nc6 6. Bb2 O-O 7. Nf3 d5 8. c4 Be6 9. cxd5 Bxd5 10.
Be2 Re8 11. Nc3 Be6 12. O-O Qe7 13. Qc2 Rad8 14. d4 Bb6 15. Rfd1 Na5 16. Qb1 Nb3 17. Ra2 Nxd4 18. Nxd4 Bxa2 19. Qxa2 Bxd4 20. exd4 c5 21.
d5 Ne4 22. Nxe4 Qxe4 23. Bc4 a6 24. g3 b5 25. Bf1 Qf3 26. Qa1 f6 27. Bg2 Qf5 28. Qc1 Re2 29. Bc3 Qxf2+ 30. Kh1 Qxg2# 0-1



[ePGN "0.1;DGT LiveChess/2.2.6"]

[Event "MČR družstev mladších žáků 2024"]
[Site "Harrachov, Czech Republic"]
[Date "2024.06.14"]
[Round "2.17"]
[White "Chauvin Simon"]
[Black "Polacek Matous"]
[Result "1-0"]
[TimeControl "25+10"]
[WhiteFideId "23739053"]
[BlackFideId "23760435"]
[WhiteElo "1085"]
[BlackElo "1152"]

1. e4 e5 2. Nf3 Nc6 3. d4 exd4 4. Nxd4 d6 5. Bc4 Nf6 6. Nc3 Qe7 7. Bg5 Be6 8. Nxe6 fxe6 9. O-O O-O-O 10. Bb5 Ne5 11. f4 Ned7 12. f5 Nc5 13. Bc4 Qd7 14. Bxf6 gxf6 15. b4 Na6 16. Bxe6 Qxe6 17. fxe6 Bg7 18.
Nd5 Rhe8 19. Qg4 f5 20. Qxg7 c6 21. Ne7+ Kb8 22. Nxf5 Nc7 23. e7 Rd7 24. Qf8 a6 25. Qf7 1-0



[ePGN "0.1;DGT LiveChess/2.2.6"]

[Event "MČR družstev mladších žáků 2024"]
[Site "Harrachov, Czech Republic"]
[Date "2024.06.14"]
[Round "2.19"]
[White "Mrazik Marek"]
[Black "Velim Vojtech"]
[Result "0-1"]
[TimeControl "25+10"]
[WhiteFideId "23754737"]
[BlackFideId "23749407"]
[WhiteElo "1515"]
[BlackElo "1814"]

1. d4 d5 2. Bf4 Nf6 3. e3 Bf5 4. Nf3 e6 5. Bd3 Bg6 6. c3 Be7 7. Qc2 O-O 8. Nbd2 c5 9. Bxg6 hxg6 10.
h3 Nc6 11. O-O Rc8 12. Qb3 Qb6 13. Rac1 Rfd8 14. Qxb6 axb6 15. a3 Ne8 16. Ne5 Nxe5 17. Bxe5 f6 18. Bg3 Bd6 19. Bxd6 Nxd6 20.
Nf3 Nf7 21. Rfe1 e5 22. Re2 Re8 23. Rec2 Red8 24. Re2 Kf8 25. Kf1 Ke7 26. Nh4 Nh8 27. Rd1 Kf7 28. Red2 cxd4 29. exd4 e4 30.
Re2 g5 31. Nf5 Ng6 32. g3 Rd7 33. Rde1 Ke6 34. Ne3 b5 35. Kg2 f5 36. f3 f4 37. Ng4 e3 38. Nxe3 fxe3 39. Rxe3+ Kf7 40. Re6 Rc6 41. Rxc6 bxc6 42.
Re2 Ne7 43. Re5 Kf6 44. g4 Rd6 45. Kg3 Re6 46. Rxe6+ Kxe6 47. f4 gxf4+ 48. Kxf4 Nc8 49. Kg5 Kf7 50. b3 Nd6 51. a4 bxa4 52. bxa4 Ne4+ 53. Kf5 Nxc3 54. a5 Nb5 55. Ke5 Ke7 56. h4 Kf7 57.
h5 Ke7 58. g5 Kf7 59. a6 Ke7 60. h6 gxh6 61. gxh6 Kf7 62. h7 Kg7 63. a7 Nxa7 64. Kd6 Kxh7 65. Kc7 Kg6 66. Kb6 Kf5 67. Kxa7 Ke4 68. Kb6 Kxd4 69. Kxc6 Kc4 0-1



[ePGN "0.1;DGT LiveChess/2.2.6"]

[Event "MČR družstev mladších žáků 2024"]
[Site "Harrachov, Czech Republic"]
[Date "2024.06.14"]
[Round "2.2"]
[White "Tykalova Barbora"]
[Black "Walder Hugo"]
[Result "0-1"]
[TimeControl "25+10"]
[WhiteFideId "23750898"]
[BlackFideId "23743360"]
[WhiteElo "1284"]
[BlackElo "1489"]

1. e4 e5 2. Nf3 Nc6 3. d4 exd4 4.
Bc4 Nf6 5. e5 d5 6. Bb5 Ne4 7. Nxd4 Bd7 8. Bxc6 bxc6 9. Bf4 Bc5 10. h4 Qe7 11. c3 Nd6 12. Qe2 Nf5 13. Nxf5 Bxf5 14. Nd2 h6 15. g4 Bd7 16.
a4 a5 17. Nb3 Bb6 18. Rd1 Be6 19. Nd4 Bxd4 20. Rxd4 Qd7 21. Rg1 c5 22. Rd2 Qxa4 23. Qe3 Qb5 24. g5 hxg5 25. Bxg5 a4 26.
f4 g6 27. Bf6 Rh7 28. f5 Bxf5 29. Rxd5 a3 30. bxa3 Be6 31. Rd1 Bd7 32. e6 Bxe6 0-1



[ePGN "0.1;DGT LiveChess/2.2.6"]

[Event "MČR družstev mladších žáků 2024"]
[Site "Harrachov, Czech Republic"]
[Date "2024.06.14"]
[Round "2.20"]
[White "Kala Jakub"]
[Black "Adam Frantisek"]
[Result "1-0"]
[TimeControl "25+10"]
[WhiteFideId "23753897"]
[BlackFideId "23754311"]
[WhiteElo "1657"]
[BlackElo "1272"]

1. Nf3 Nf6 2. c4 e6 3. e3 d5 4.
Nc3 c5 5. cxd5 exd5 6. d4 Be6 7. Bb5+ Nbd7 8. Ne5 c4 9. O-O a6 10. Bxd7+ Nxd7 11. f4 f6 12. f5 Nxe5 13. dxe5 d4 14.
exd4 Bd7 15. Qh5+ Ke7 16. Nd5# 1-0



[ePGN "0.1;DGT LiveChess/2.2.6"]

[Event "MČR družstev mladších žáků 2024"]
[Site "Harrachov, Czech Republic"]
[Date "2024.06.14"]
[Round "2.21"]
[White "Pistulka Stepan"]
[Black "Levchenko Alisa"]
[Result "1/2-1/2"]
[TimeControl "25+10"]
[WhiteFideId "23759909"]
[BlackFideId "23760311"]
[WhiteElo "1224"]
[BlackElo "1302"]

1. c4 e6 2. Nc3 d5 3. cxd5 exd5 4. d4 Bf5 5. Bf4 c6 6. Nf3 Bd6 7. Bg3 Nf6 8. e3 O-O 9. Bd3 Ne4 10.
Bxe4 Bxe4 11. Bxd6 Qxd6 12. O-O Nd7 13. Ng5 Qg6 14. Ngxe4 dxe4 15. Qc2 Nf6 16. f3 exf3 17. Qxg6 hxg6 18.
Rxf3 Rfe8 19. Re1 Ne4 20. Nxe4 Rxe4 21. Rf4 Rae8 22. Rxe4 Rxe4 23. Kf2 f5 24. Kf3 g5 25. h3 Kf7 26.
g4 g6 27. Rc1 Re6 28. Rg1 Kf6 29. Rc1 b6 1/2-1/2



[ePGN "0.1;DGT LiveChess/2.2.6"]

[Event "MČR družstev mladších žáků 2024"]
[Site "Harrachov, Czech Republic"]
[Date "2024.06.14"]
[Round "2.22"]
[White "Zavrel Daniel"]
[Black "Borys Petr"]
[Result "0-1"]
[TimeControl "25+10"]
[WhiteFideId "23753951"]
[WhiteElo "1106"]
[BlackElo "1339"]

1. e4 e5 2. Nf3 Nc6 3. Bc4 Bc5 4. Nc3 Nf6 5. d3 O-O 6. Bg5 Be7 7. O-O d6 8. h3 Nd7 9. Qd2 Nd4 10.
Bxe7 Nxf3+ 11. gxf3 Qxe7 12. Nd5 Qd8 13. Kh2 Nb6 14. Rg1 Qh4 15. Rg2 Bxh3 16. Rg3 Be6+ 17. Kg2 Nxd5 18. Bxd5 Bxd5 19.
exd5 Qf6 20. Rh1 Rfe8 21. Rh6 Qf4 22. Qxf4 exf4 23. Rg4 Re2 24. Rh1 Rxc2 25. Rb1 Rd2 26. Rxf4 Rxd3 27. Rc1 Rc8 28.
Re4 g6 29. Re7 Rxd5 30. Rcxc7 Rxc7 31. Rxc7 Rb5 32. b3 Kg7 33. Rd7 Rb6 34. Kg3 Kf6 35. f4 Ke6 36. Rc7 d5 37. Rc8 Rc6 38.
Rb8 Rc7 39. Rh8 h5 40. Re8+ Kd6 41. Ra8 b6 42. Rd8+ Kc5 43. Kf3 Re7 44. Rc8+ Kd4 45. Rc1 Rd7 46. Ke2 h4 47. Rh1 Kc3 48.
Rxh4 Kc2 49. Rh3 d4 50. Rd3 Kb2 51. Rd2+ Ka3 52. Kd3 a5 53. Kc4 d3 54. Kb5 Rd4 55. Kxb6 Rxf4 56. Kxa5 Rf5+ 57. Kb6 Kb4 58. Rxd3 Rxf2 59.
Rd4+ Kc3 60. Rc4+ Kb2 61. Ra4 Ka1 62. a3 Kb2 63. b4 g5 64. Ra5 f6 65. a4 g4 66. Rd5 g3 67. Rd1 g2 68.
Rg1 f5 69. Kc5 f4 70. Kd4 f3 71. Ke3 Rf1 0-1



[ePGN "0.1;DGT LiveChess/2.2.6"]

[Event "MČR družstev mladších žáků 2024"]
[Site "Harrachov, Czech Republic"]
[Date "2024.06.14"]
[Round "2.25"]
[White "Fadrny Jachym"]
[Black "Rybar Vojta"]
[Result "1-0"]
[TimeControl "25+10"]
[WhiteFideId "23744170"]
[BlackFideId "23763604"]
[WhiteElo "1537"]
[BlackElo "1345"]

1. d4 Nf6 2. c4 g6 3. Nc3 Bg7 4. e4 O-O 5. Bd3 d6 6. Bd2 c5 7. d5 e6 8. Nge2 exd5 9. exd5 a6 10. O-O Re8 11. Ng3 Nbd7 12.
f4 Nb6 13. a3 Bg4 14. Qc2 Qd7 15. h3 Bxh3 16. gxh3 Qxh3 17. Rf3 Nh5 18. Nce2 Rxe2 19. Bxe2 Nxg3 20. Bf1 Qh1+ 21. Kf2 Qh2+ 22. Bg2 Bd4+ 23. Be3 Bxe3+ 24. Rxe3 Nf5 25. Re4 Ng3 26.
Rae1 Nxe4+ 27. Rxe4 Qh4+ 28. Kg1 Qf6 29. Qb3 Qd8 30. Qc3 Na4 31. Qc2 Nb6 32. b4 cxb4 33. axb4 Rc8 34. Rd4 Qf6 35.
Qd3 Na4 36. Re4 Qa1+ 37. Kh2 Qf6 38. Qe2 Qd8 39. Qe3 Qh4+ 40. Bh3 Qd8 41. Bxc8 Qh4+ 42. Bh3 Nb2 43. Re8+ Kg7 44. Qc3+ Kh6 45. Qxb2 Qxf4+ 46. Kg2 Qg5+ 47.
Kh1 Qg3 48. Qd2+ Kg7 49. Qg2 Qa3 50.
Qf1 Qc3 51. Re7 1-0



[ePGN "0.1;DGT LiveChess/2.2.6"]

[Event "MČR družstev mladších žáků 2024"]
[Site "Harrachov, Czech Republic"]
[Date "2024.06.14"]
[Round "2.26"]
[White "Krisica Lukas"]
[Black "Vorlik Jachym"]
[Result "0-1"]
[TimeControl "25+10"]
[WhiteFideId "23740639"]
[BlackFideId "23750901"]
[WhiteElo "1433"]
[BlackElo "1388"]

1. Nf3 Nf6 2. d4 e6 3. c4 d5 4. Nc3 Bb4 5. Bg5 h6 6. Bh4 O-O 7. e3 c5 8. cxd5 exd5 9. Bd3 c4 10.
Bc2 Qa5 11. Qd2 Bxc3 12. Qxc3 Qxc3+ 13. bxc3 a6 14. O-O Nbd7 15. Rab1 b5 16. Rb4 Bb7 17. Bxf6 Nxf6 18. a4 Bc6 19.
Ne5 Be8 20. Ra1 Nd7 21. Nc6 Nb8 22. Ne7+ Kh8 23. axb5 Bxb5 24. Rxb5 0-1



[ePGN "0.1;DGT LiveChess/2.2.6"]

[Event "MČR družstev mladších žáků 2024"]
[Site "Harrachov, Czech Republic"]
[Date "2024.06.14"]
[Round "2.27"]
[White "Bartak Tobias"]
[Black "Hovhannisyan Narek"]
[Result "1/2-1/2"]
[TimeControl "25+10"]
[WhiteFideId "23753544"]
[WhiteElo "1260"]
[BlackElo "1195"]

1. e4 c6 2. d4 d5 3. exd5 cxd5 4. Nf3 Bg4 5. Bd3 Nc6 6. c3 e6 7. O-O Nf6 8. h3 Bh5 9. Bg5 Bd6 10. Nbd2 O-O 11. Qc2 h6 12.
Bh4 Rc8 13. a3 e5 14. dxe5 Nxe5 15. Nxe5 Bxe5 16. Rae1 Bb8 17. Bf5 Rc6 18. g4 g5 19. Bxg5 hxg5 20. gxh5 Nxh5 21. Bg4 Qd6 22.
Nf3 Nf6 23. Qf5 Ne4 24. Rd1 Rd8 25. Rfe1 Qe6 26. Qxe6 fxe6 27. Rxe4 dxe4 28. Rxd8+ Kf7 29. Ne5+ Bxe5 30. Rd7+ Kf6 31.
Rxb7 Rb6 32. Rxa7 Rxb2 33. Ra6 Bxc3 34. Rxe6+ Kg7 35. Rxe4 Ra2 36. Ra4 Bb2 37. Ra5 Kg6 38. a4 Bd4 39. Bf5+ Kh6 40. Ra6+ Kg7 41. Rg6+ Kf7 42. Rxg5 Kf6 43. Rh5 Rxf2 44.
Bg4 Rf5+ 45. Kg2 Rxh5 46. Bxh5 Kg5 1/2-1/2



[ePGN "0.1;DGT LiveChess/2.2.6"]

[Event "MČR družstev mladších žáků 2024"]
[Site "Harrachov, Czech Republic"]
[Date "2024.06.14"]
[Round "2.28"]
[White "Herentin Matyas"]
[Black "Melicharova Veronika"]
[Result "0-1"]
[TimeControl "25+10"]
[WhiteFideId "23745746"]
[BlackFideId "23749695"]
[WhiteElo "1152"]
[BlackElo "1003"]

1. e4 d5 2. exd5 Qxd5 3. Nc3 Qa5 4. Bc4 Nf6 5. d3 c6 6. Bd2 Qc7 7. Nf3 Bg4 8. h3 Bh5 9. Qe2 e6 10.
g4 Bg6 11. O-O-O Bd6 12. h4 h6 13. g5 hxg5 14. hxg5 Rxh1 15. Rxh1 Nfd7 16. Ne4 Bf4 17. Bxf4 Qxf4+ 18. Kb1 Bxe4 19. dxe4 b5 20. Bd3 Nc5 0-1



[ePGN "0.1;DGT LiveChess/2.2.6"]

[Event "MČR družstev mladších žáků 2024"]
[Site "Harrachov, Czech Republic"]
[Date "2024.06.14"]
[Round "2.3"]
[White "Bucek Vit"]
[Black "Koutecky Vaclav"]
[Result "1-0"]
[TimeControl "25+10"]
[WhiteFideId "23750812"]
[BlackFideId "23752602"]
[WhiteElo "1582"]
[BlackElo "1194"]

1. e4 e5 2. Nf3 Nc6 3.
d4 exd4 4. Bc4 Nf6 5. e5 d5 6. Bb5 Ne4 7. Nxd4 Bc5 8. Be3 Bxd4 9. Bxd4 Bd7 10. Nc3 Nxd4 11. Bxd7+ Qxd7 12. Qxd4 Nxc3 13.
Qxc3 O-O-O 14. O-O-O d4 15. Qc5 Qg4 16. Qxa7 Qf4+ 17. Kb1 Qxe5 18. Rhe1 Qd5 19. Re7 1-0



[ePGN "0.1;DGT LiveChess/2.2.6"]

[Event "MČR družstev mladších žáků 2024"]
[Site "Harrachov, Czech Republic"]
[Date "2024.06.14"]
[Round "2.4"]
[White "Koutecka Magdalena"]
[Black "Kozusnik Jan"]
[Result "0-1"]
[TimeControl "25+10"]
[WhiteFideId "23752599"]
[BlackFideId "23731796"]
[WhiteElo "1085"]
[BlackElo "1345"]

1. e4 c5 2. d4 cxd4 3. c3 dxc3 4.
Nxc3 Nc6 5. Bc4 e6 6. Nf3 Bb4 7. O-O Nf6 8. Qe2 d6 9. Rd1 Qc7 10. Nb5 Qe7 11. Bf4 e5 12. Bg5 a6 13.
Nc3 Bg4 14. Nd5 Qd8 15. Qd3 h6 16. Bh4 g5 17. Bg3 Nxd5 18. Bxd5 Be6 19. Bxc6+ bxc6 20. a3 g4 21. axb4 gxf3 22.
Qxd6 Qxd6 23. Rxd6 Bd7 24. Bxe5 Rg8 25. g3 Rg6 26. Rxg6 fxg6 27. Ra3 Bg4 0-1



[ePGN "0.1;DGT LiveChess/2.2.6"]

[Event "MČR družstev mladších žáků 2024"]
[Site "Harrachov, Czech Republic"]
[Date "2024.06.14"]
[Round "2.5"]
[White "Lackova Lucie"]
[Black "Strazhnyk Yevhen"]
[Result "1-0"]
[TimeControl "25+10"]
[WhiteFideId "23731800"]
[BlackFideId "23771305"]
[WhiteElo "1601"]
[BlackElo "1150"]

1. e4 e5 2. Nf3 Nc6 3. d4 exd4 4. Nxd4 Bc5 5. Be3 Bxd4 6. Bxd4 d6 7. Bxg7 Qe7 8. Bxh8 Qxe4+ 9. Qe2 Qxe2+ 10. Bxe2 Bf5 11. Bc3 d5 12. Bf3 O-O-O 13. O-O Bxc2 14.
Na3 Bf5 15. Rfd1 Be6 16. Nc2 Bf5 17. Nd4 Nxd4 18. Rxd4 Be6 19. Rad1 c6 20. R4d3 Nh6 21. Bd4 a6 22. h3 Nf5 23.
Bg4 Nxd4 24. Rxd4 Bxg4 25. Rxg4 Rf8 26. Rg7 h6 27. Rh7 1-0



[ePGN "0.1;DGT LiveChess/2.2.6"]

[Event "MČR družstev mladších žáků 2024"]
[Site "Harrachov, Czech Republic"]
[Date "2024.06.14"]
[Round "2.7"]
[White "Padivy Jan"]
[Black "Zrust Lukas"]
[Result "1/2-1/2"]
[TimeControl "25+10"]
[WhiteFideId "23752904"]
[BlackFideId "23736666"]
[WhiteElo "1500"]
[BlackElo "1742"]

1. d4 Nf6 2. c4 g6 3. Nc3 Bg7 4. Nf3 d6 5. Bg5 O-O 6. e3 Nbd7 7. Bd3 h6 8. Bh4 Re8 9. O-O e5 10.
Qc2 exd4 11. exd4 c6 12. Rfe1 Rxe1+ 13. Rxe1 Qc7 14. Re7 Bf8 15. Bxf6 Qd8 16. Rxf7 Nxf6 17. Bxg6 Rb8 18. Qe2 Bd7 19.
Nh4 Be8 20. Qe6 Bxf7 21. Qxf7+ Kh8 22. Bf5 Bg7 1/2-1/2



[ePGN "0.1;DGT LiveChess/2.2.6"]

[Event "MČR družstev mladších žáků 2024"]
[Site "Harrachov, Czech Republic"]
[Date "2024.06.14"]
[Round "2.8"]
[White "Artamonov Mikhail"]
[Black "Koupil Stepan"]
[Result "1/2-1/2"]
[TimeControl "25+10"]
[WhiteFideId "23732946"]
[BlackFideId "23742119"]
[WhiteElo "1515"]
[BlackElo "1423"]

1. e4 e5 2. Nf3 Nc6 3. d4 exd4 4. c3 d5 5. exd5 Qxd5 6. cxd4 Bg4 7. Be2 Nf6 8. Nc3 Bb4 9. O-O Bxc3 10.
bxc3 O-O 11. c4 Qd7 12. d5 Bxf3 13. Bxf3 Ne5 14. Be2 b5 15. cxb5 Qxd5 16. Qxd5 Nxd5 17. Bb2 Nd7 18. Bf3 N7b6 19.
Rfd1 Rad8 20. Rac1 h6 21. a3 Rfe8 22. g3 Re7 23. Rd4 Red7 24. Rcd1 Ne7 25. Rxd7 Rxd7 26. Rxd7 Nxd7 27. Kf1 f6 28.
a4 Kf7 29. Ke1 Nc5 30. Bd4 Nxa4 31. Bxa7 Nc3 32. b6 cxb6 33. Bxb6 1/2-1/2



[ePGN "0.1;DGT LiveChess/2.2.6"]

[Event "MČR družstev mladších žáků 2024"]
[Site "Harrachov, Czech Republic"]
[Date "2024.06.14"]
[Round "2.9"]
[White "Sara David"]
[Black "Kolar Edvard"]
[Result "0-1"]
[TimeControl "25+10"]
[WhiteFideId "23746599"]
[BlackFideId "23746238"]
[WhiteElo "1379"]
[BlackElo "1553"]

1. e4 c5 2. d4 cxd4 3.
c3 g6 4. cxd4 Bg7 5. Nc3 d6 6.
Bf4 Nc6 7. Nf3 Nf6 8. Bb5 O-O 9. Bxc6 bxc6 10. h3 Ba6 11. Ne2 Nxe4 12. O-O Rb8 13. b3 c5 14. Re1 Bxe2 15. Qxe2 Nc3 16.
Qc4 cxd4 17. Nxd4 Bxd4 18. Qxd4 Nb5 19. Qb2 e5 20. Bh6 Re8 21. f4 Nd4 22. Kh2 Rc8 23. Rac1 Rxc1 24. Rxc1 Nf5 25.
Bg5 f6 26. g4 fxg5 27. gxf5 gxf4 28. fxg6 hxg6 29. Qc2 Qf6 30. Rg1 Kg7 31. Qc6 Re7 32. Rd1 f3 33. Rxd6 Qf4+ 34. Kh1 Qg3 35.
Qc2 f2 36. Qd1 Qxh3# 0-1



[ePGN "0.1;DGT LiveChess/2.2.6"]

[Event "MČR družstev mladších žáků 2024"]
[Site "Harrachov, Czech Republic"]
[Date "2024.06.15"]
[Round "3.1"]
[White "Velim Vojtech"]
[Black "Vancakova Veronika"]
[Result "1-0"]
[TimeControl "25+10"]
[WhiteFideId "23749407"]
[BlackFideId "23731907"]
[WhiteElo "1814"]
[BlackElo "1437"]

1. d4 Nf6 2. c4 g6 3.
Nc3 Bg7 4. e4 d6 5. Nf3 O-O 6.
Be2 Nbd7 7. O-O e5 8. dxe5 dxe5 9.
Qc2 c6 10. Rd1 Qc7 11. Bg5 h6 12.
Bxf6 Nxf6 13. Rd2 Be6 14. Rad1 Rae8 15. Rd6 Bc8 16. b4 Re6 17. c5 Ne8 18. R6d2 Kh7 19. Bc4 Re7 20. b5 f5 21.
bxc6 bxc6 22. Rd6 Rd7 23. Rxd7 Bxd7 24. Qd2 Bc8 25. Qd3 Bf6 26. Ba6 Bxa6 27. Qxa6 Rf7 28. exf5 gxf5 29. Qd3 e4 30.
Nxe4 fxe4 31. Qxe4+ Kg7 32. Qxe8 Re7 33. Qh5 Qf4 34. h3 Qc4 35. Qg4+ Qxg4 36. hxg4 Rc7 37. Nd4 Kf7 38. Nf5 Kg6 39. Rd6 Kg5 40. f4+ Kg6 41. Nxh6 Kg7 42. Nf5+ Kf7 43. g5 Be7 44.
Nxe7 Kxe7 45. f5 Kf7 46. Kh2 Kg7 47. Kg3 Kf7 48. g6+ Kg7 49. Kg4 1-0



[ePGN "0.1;DGT LiveChess/2.2.6"]

[Event "MČR družstev mladších žáků 2024"]
[Site "Harrachov, Czech Republic"]
[Date "2024.06.15"]
[Round "3.10"]
[White "Vratny Vojtech"]
[Black "Gernert Tomas"]
[Result "1-0"]
[TimeControl "25+10"]
[WhiteFideId "23753692"]
[BlackFideId "23750219"]
[WhiteElo "1208"]
[BlackElo "1409"]

1. Nf3 d5 2. g3 Bf5 3. Bg2 Nf6 4.
O-O e6 5. d3 Be7 6. Nbd2 O-O 7. c4 c5 8. a3 Nc6 9. Re1 d4 10. Nf1 e5 11. Nh4 Bg4 12. h3 Bh5 13. g4 Bg6 14.
Nxg6 fxg6 15. Ng3 h5 16. gxh5 Nxh5 17. Bd5+ Kh7 18. Nxh5 gxh5 19. e3 g6 20. Be4 Kg7 21. exd4 exd4 22.
Qd2 g5 23. Qe2 Qe8 24. Bxc6 bxc6 25. Qxe7+ Qxe7 26. Rxe7+ Kf6 27. Rc7 Rfc8 28. Rxc8 Rxc8 29. Bd2 Rb8 30. b4 cxb4 31. axb4 Rb7 32. Ra6 Rc7 33. b5 Kf5 34.
Rxc6 Re7 35. Rc5+ 1-0



[ePGN "0.1;DGT LiveChess/2.2.6"]

[Event "MČR družstev mladších žáků 2024"]
[Site "Harrachov, Czech Republic"]
[Date "2024.06.15"]
[Round "3.11"]
[White "Kusova Nikola"]
[Black "Melicharova Veronika"]
[Result "1-0"]
[TimeControl "25+10"]
[WhiteFideId "23733705"]
[BlackFideId "23749695"]
[WhiteElo "1353"]
[BlackElo "1003"]

1. e4 e5 2. Nc3 Nc6 3. Bc4 Nf6 4. d3 Bc5 5. f4 O-O 6. Na4 Be7 7. Nf3 exf4 8. Bxf4 Na5 9. Bb3 Nxb3 10.
axb3 b5 11. Nc3 Bb4 12. O-O c6 13. Qe2 Re8 14. Kh1 Bxc3 15. bxc3 Nd5 16. Bd2 Qc7 17. Qf2 Nf6 18. Nd4 Ng4 19.
Qxf7+ Kh8 20. Qf8+ 1-0



[ePGN "0.1;DGT LiveChess/2.2.6"]